 Dungeon Crawl Stone Soup version 0.28-a0-297-g99b01970c5 (webtiles) character file.

Game seed: 12571968112130768850

690 McIrco the Chopper (level 7, -2/94 HPs)
             Began as a Purple Draconian Cinder Acolyte on Aug 29, 2021.
             Was a Priest of Ignis.
             Slain by an orc warrior (9 damage)
             ... on level 7 of the Dungeon.
             The game lasted 00:03:40 (2025 turns).

McIrco the Chopper (DrCA)                           Turns: 2025, Time: 00:03:41

Health: -2/94      AC: 23    Str: 20    XL:     7   Next: 36%
Magic:  8/8        EV:  2    Int: 13    God:    Ignis [***...]
Gold:   34         SH:  0    Dex:  6    Spells: 7/8 levels left

rFire   + + .      SeeInvis .   a - -1 hand axe (flame)
rCold   + . .      Faith    .   (no shield)
rNeg    + + +      Spirit   .   (armour unavailable)
rPois   +          Reflect  .   (helmet currently unavailable)
rElec   +          Harm     .   (cloak currently unavailable)
rCorr   +          Rampage  .   (gloves currently unavailable)
Will    +....      NoTele   +   (boots currently unavailable)
Stlth   +.........              (no amulet)
HPRegen 0.25/turn               (no ring)
MPRegen 0.11/turn               (no ring)

@: tree-form, resistant, attractive
A: stationary, stasis, torment immunity, boosted hp, (breathe power), AC +6,
unfitting armour, (cold-blooded)
a: Renounce Religion, Sea of Fire, Foxfire Swarm, Rising Flame


You were on level 7 of the Dungeon.
You worshipped Ignis.
Ignis was most pleased with you.
You were a tree.
You visited 1 branch of the dungeon, and saw 8 of its levels.

You collected 34 gold pieces.

Inventory:

Hand Weapons
 a - a -1 hand axe of flaming (weapon)
Missiles
 j - 2 throwing nets
Jewellery
 e - a ring of ice
Scrolls
 c - 2 scrolls of identify {unknown}
 f - a scroll of fear {unknown}
 g - a scroll of immolation {unknown}
 h - a scroll of blinking {unknown}
 i - a scroll of summoning {unknown}
 l - a scroll of holy word {unknown}
Potions
 b - a potion of lignification
 d - a potion of resistance


   Skills:
 + Level 6.0 Fighting
 + Level 6.3 Axes
 + Level 2.6 Dodging
 + Level 1.5 Stealth
 + Level 1.2 Spellcasting
 + Level 1.0 Fire Magic


You had 7 spell levels left.
You knew the following spells:

 Your Spells              Type           Power      Damage    Failure   Level
a - Foxfire               Conj/Fire      8%         2x1d4     22%         1

Your spell library contained the following spells:

 Spells                   Type           Power      Damage    Failure   Level
 Blink                    Tloc           N/A        N/A       38%         2
 Lesser Beckoning         Tloc           0%         N/A       63%         3
 Manifold Assault         Tloc           0%         N/A       100%        5


Dungeon Overview and Level Annotations

Branches:
Dungeon (8/15)             Temple (0/1) D:6
   Lair: D:8-11

Altars:


Innate Abilities, Weirdness & Mutations

You are a tree.
Your roots penetrate the ground, keeping you stationary.
You cannot be teleported.
You are immune to unholy pain and torment.
Your maximum health is greatly increased.
Your equipment is partially melded.
((You can breathe bolts of dispelling energy.))
((Your rich purple scales are hard. (AC +6)))
You cannot fit into any form of body armour.
((You are cold-blooded and may be slowed by cold attacks.))


Message History

The orc priest hits you with a +0 flail.
The orc warrior hits you with a +0 flail!
You hit the orc priest. You burn the orc priest.
You kill the orc priest!
You closely miss the orc warrior.
The orc warrior hits you but does no damage.
Your Fighting skill increases to level 6!
Unknown command.
You hit the orc warrior but do no damage.
Your tail-slap misses the orc warrior.
The orc warrior hits you with a +0 flail!!
* * * LOW HITPOINT WARNING * * *
You hit the orc warrior but do no damage.
The orc warrior barely misses you.
Unknown command.
Flames leap up around you! The orc warrior barely misses you.
Unknown command.
Your foxfire dissipates!
The foxfire hits the orc warrior but does no damage. x3
Your foxfire dissipates!
The foxfire hits the orc warrior.
The orc warrior is lightly wounded.
The foxfire hits the orc warrior but does no damage.
The orc warrior is lightly wounded.
Okay, then.
Unknown command.
It was a potion of lignification.
You turn into a tree.
Your roots penetrate the ground.
The orc warrior hits you but does no damage.
Unknown command.
It was a potion of resistance.
You feel protected.
The orc warrior hits you with a +0 flail.
* * * LOW HITPOINT WARNING * * *
Unknown command.
It was a potion of attraction.
You feel attractive to monsters.
You have got your breath back.
The orc warrior hits you with a +0 flail!
You die...

##### #...# #.#.# #.#.#
#.#.#############
#.#.#...........#
#.#.#.#########.#
########.#.#.#########.####
#.....>..o♣................
#.####)#.#.#.#########.####
#§#.#.#.# #.# #<.....#.#.#
#.# ####.###.#.#
#######.#### ... ..#..
............ ##.#
#############.#### ...
............#### #..
................


You could see an orc warrior.

Vanquished Creatures
  Prince Ribbit (D:7)
  A necrophage (D:4)
  An ogre (D:7)
  A gnoll sergeant (D:7)
  A centaur zombie (D:6)
  An orc priest (D:7)
  A hound (D:6)
  A gnoll shaman (D:7)
  A centaur skeleton (D:7)
  8 gnolls
  A white imp (D:5)
  An ufetubus (D:6)
  A worm (D:3)
  A dart slug (D:2)
  2 orcs
  An endoplasm (D:3)
  4 giant cockroaches
  A goblin (D:4)
  2 hobgoblins
  A quokka (D:5)
  A rat (D:2)
33 creatures vanquished.

Vanquished Creatures (others)
  88 foxfires
88 creatures vanquished.

Grand Total: 121 creatures vanquished

Notes
Turn   | Place    | Note
-------+----------+-------------------------------------------
     0 | D:1      | McIrco the Draconian Cinder Acolyte began the quest for the
                  | Orb.
     0 | D:1      | Reached XP level 1. HP: 19/19 MP: 2/2
    37 | D:1      | Found a faded altar of an unknown god.
   199 | D:3      | Reached XP level 2. HP: 20/26 MP: 3/3
   543 | D:4      | Noticed a necrophage
   554 | D:4      | Killed a necrophage
   555 | D:4      | Reached skill level 1 in Dodging
   555 | D:4      | Reached XP level 3. HP: 9/34 MP: 4/4
   555 | D:4      | Reached XP level 4. HP: 11/41 MP: 5/5
   801 | D:5      | Entered Level 5 of the Dungeon
  1170 | D:6      | Reached XP level 5. HP: 36/47 MP: 6/6
  1176 | D:6      | Found a staircase to the Ecumenical Temple.
  1376 | D:7      | Reached skill level 5 in Fighting
  1636 | D:7      | Reached skill level 5 in Axes
  1787 | D:7      | Noticed an ogre
  1789 | D:7      | Noticed Prince Ribbit
  1792 | D:7      | Reached XP level 6. HP: 45/56 MP: 7/7
  1796 | D:7      | Killed Prince Ribbit
  1797 | D:7      | Reached skill level 1 in Stealth
  1797 | D:7      | Your scales start taking on a rich purple colour.
  1797 | D:7      | Reached XP level 7. HP: 38/62 MP: 8/8
  2025 | D:7      | Slain by an orc warrior

Illustrated notes

Levels and vault maps discovered:
D:1:      lightli_arrival_maybe_door_vault, layout_loops_cross,
          basic_ecumenical_altar
D:2:      layout_basic, nrook_mini_backslash
D:3:      minmay_bubble_buster, layout_basic, overflow_temple_1_default,
          serial_glass, glass_columns_b, glass_columns_b, glass_columns_c,
          glass_columns_b, glass_columns_b, glass_columns_c, glass_columns_a,
          glass_columns_b, glass_columns_b, glass_columns_a, item_on_display_a,
          feat_on_display, due_unseen_surprise, uniq_robin, uniq_grinder
D:4:      minmay_wonky_spiral, layout_basic, lemuel_blue_sif_altar, uniq_natasha
D:5:      layout_basic, kennysheep_generic_room_2
D:6:      layout_gridville, gammafunk_temple_of_torment,
          minmay_temple_entry_large_hall, serial_shops, nicolae_shop_waterfront,
          corner_web_ring
D:7:      layout_basic, minmay_statues_item, uniq_prince_ribbit1
D:8:      layout_cave_pools, serial_shops, nicolae_stop_n_shop_2

Skill      XL: |  1  2  3  4  5  6  7 |
---------------+----------------------+-----
Fighting       | 4 5 6 |  6.0
Axes           | 4 5 6 |  6.3
Dodging        | 1 2 |  2.6
Stealth        | 1 |  1.5
Spellcasting   | |  1.2
Fire Magic     | |  1.0

Action                   |  1- 3 |  4- 6 |  7- 9 || total
-------------------------+-------+-------+-------++-------
Melee: Hand axe          |    42 |    53 |    17 ||   112
       Tailslap          |       |     4 |     3 ||     7
Invok: Foxfire Swarm     |       |     5 |     1 ||     6
 Abil: Breathe Dispellin |       |       |     2 ||     2
  Use: Potion            |       |       |     3 ||     3
Armor: Skin              |    10 |    21 |     6 ||    37
Dodge: Dodged            |    17 |    48 |    10 ||    75

Table legend: (Time is in decaauts)
 A = Elapsed time spent in this place.
 B = Non-inter-level travel time spent in this place.
 C = Inter-level travel time spent in this place.
 D = Time resting spent in this place.
 E = Time spent auto-exploring this place.
 F = Levels seen in this place.
 G = Mean time per level.
                   A        B        C        D        E       F      G
               +--------+--------+--------+--------+--------+-----+--------+
         Total |   2033 |   2015 |     18 |    858 |    825 |   8 |  254.1 |
       Dungeon |   2033 |   2015 |     18 |    858 |    825 |   8 |  254.1 |
               +--------+--------+--------+--------+--------+-----+--------+

Top non-repeatable levels by time:
     D:7: 486 daAuts
     D:4: 465 daAuts
     D:6: 401 daAuts
     D:5: 332 daAuts
     D:3: 171 daAuts
     D:1: 85 daAuts
     D:2: 82 daAuts
     D:8: 7 daAuts
